 Dungeon Crawl Stone Soup version 0.17.0-19-gb37c632 (console) character file.

1569 Kloppie the Skirmisher (level 8, -4/67 HPs)
             Began as a Mummy Fighter on Nov 12, 2015.
             Was an Initiate of Gozag.
             Slain by a sheep (10 damage)
             ... on level 7 of the Dungeon.
             The game lasted 00:10:55 (5953 turns).

Kloppie the Skirmisher (Mummy Fighter)              Turns: 5953, Time: 00:10:56

Health: -4/67      AC: 10    Str: 20    XL:     8   Next: 59%
Magic:  8/8        EV:  7    Int:  8    God:    Gozag
Gold:   527        SH:  9    Dex: 12    Spells: 0 memorised, 7 levels left

rFire  x . .     SeeInvis .     a - +1 long sword
rCold  + . .     Clarity  .     b - +0 scale mail
rNeg   + + +     SustAt   .     c - +0 shield
rPois  ∞         Gourm    .     (no helmet)
rElec  .         Spirit   .     p - +2 cloak
rCorr  .         Warding  .     (no gloves)
rMut   .         Stasis   +     (no boots)
MR     +....                    t - amulet of stasis
Stlth  ..........               (no ring)
                                (no ring)

@: somewhat resistant to hostile enchantments, extremely unstealthy
A: no food or potions, fire vulnerability, cold resistance 1, negative energy
resistance 3, torment resistance, unbreathing
a: Potion Petition, Call Merchant, Bribe Branch, Renounce Religion


You were on level 7 of the Dungeon.
You worshipped Gozag.
Gozag was noncommittal.
You were not hungry.

You visited 1 branch of the dungeon, and saw 7 of its levels.

You collected 605 gold pieces.
You paid 78 gold pieces to Gozag.

Inventory:

Hand Weapons
 a - a +1 long sword (weapon)
Missiles
 r - 6 tomahawks (quivered)
Armour
 b - a +0 scale mail (worn)
 c - a +0 shield (worn)
 p - a +2 cloak (worn)
Jewellery
 t - an amulet of stasis (around neck)
Wands
 k - a wand of magic darts (23)
 n - a wand of paralysis (9)
Scrolls
 d - a scroll of recharging
 e - a scroll of remove curse
 f - 2 scrolls of enchant weapon
 g - 2 scrolls of immolation
 h - a scroll of teleportation
 m - a scroll of enchant armour
 o - a scroll of amnesia
Books
 l - a book of Spatial Translocations

   Spells                             Type                      Level
   a - Apportation                    Translocation                1
   b - Blink                          Translocation                2
   c - Shroud of Golubria             Charms/Translocation         2
   d - Portal Projectile              Translocation                3
   e - Teleport Other                 Translocation                3
   f - Passage of Golubria            Translocation                4


   Skills:
 + Level 7.4 Fighting
 + Level 6.1 Long Blades
 + Level 4.5 Armour
 - Level 2.4 Shields


You had 7 spell levels left.
You didn't know any spells.

Dungeon Overview and Level Annotations

Branches:
Dungeon (7/15)             Temple (0/1) D:6

Altars:
Dithmenos
Gozag
Okawaru

Shops:
D:4 *

Annotations:
D:3 Rationalist's ghost, weakling DsBe


Innate Abilities, Weirdness & Mutations

You do not eat or drink.
Your flesh is vulnerable to fire.
You are immune to poison.
Your flesh is cold resistant.
You are immune to negative energy.
You are immune to unholy pain and torment.
You can survive without breathing.


Message History

The sheep bites you but does no damage.
You hit the sheep but do no damage.
The sheep is almost dead.
You block the sheep's attack. The sheep bites you.
* * * LOW HITPOINT WARNING * * *
You barely miss the sheep.
The sheep is almost dead.
You block the sheep's attack.
Evoke which item? (* to show all) (? for menu, Esc to quit)
Zapping:
n - a wand of paralysis {zapped: 3} (will waste charges)
Press: ? - help, Shift-Dir - straight line, f - sheep
Aim: a sheep (almost dead, chance to defeat MR: 54%)
The sheep resists with significant effort.
Evoking this partially-identified wand wasted a few charges.
The sheep bites you but does no damage.
You hit the sheep.
You kill the sheep!
The sheep bites you!
You die...
Your body crumbles into a pile of gold.

...#####.#
##.#.Y..%#
.........#
#..pY..%%#
...#####.#
#..####### #.##
#.# #.##.# #.#
#.# #Y$[.# #.#
#.# ####.# #.##
#.# #.# .... #.##
# #Y# #
#.####..#.####@#
#..........#...#
#..#.♣.♣.#..#.##
#..........#.#.##
#..♣.♣.♣.♣..###.#
##...._.....##.##
#.♣.♣.♣.♣..#..#
#...........#.#
#.#.♣.♣.#..##.#


You could see a sheep.

Vanquished Creatures
  A human (D:7)
  An ice beast (D:5)
  A phantom (D:4)
  2 ogres
  3 centaurs
  Blork the orc (D:6)
  2 giant frogs (D:6)
  A scorpion (D:4)
  2 crimson imps (D:6)
  4 hounds
  3 worker ants
  An iguana (D:5)
  2 orc wizards
  3 sheep (D:7)
  A hound skeleton (D:5)
  10 adders
  2 shadow imps
  3 oozes
  An adder skeleton (D:5)
  2 worms
  10 orcs
  A bat (D:3)
  5 giant cockroaches
  6 goblins
  6 hobgoblins
  A quokka (D:5)
  A ball python skeleton (D:4)
  3 giant geckos
  A giant gecko skeleton (D:4)
  2 giant newts (D:1)
  14 jackals
  5 kobolds (D:1)
  A quokka skeleton (D:4)
  7 rats
109 creatures vanquished.

Notes
Turn   | Place    | Note
--------------------------------------------------------------
     0 | D:1      | Kloppie the Mummy Fighter began the quest for the Orb.
     0 | D:1      | Reached XP level 1. HP: 18/18 MP: 1/1
   335 | D:1      | Reached XP level 2. HP: 21/24 MP: 2/2
   801 | D:2      | Found a shadowy altar of Dithmenos.
  1027 | D:2      | Reached XP level 3. HP: 29/29 MP: 3/3
  1543 | D:3      | Reached XP level 4. HP: 34/37 MP: 4/4
  1741 | D:3      | Reached skill level 4 in Fighting
  1770 | D:3      | Noticed Rationalist's ghost (weakling DsBe)
  2248 | D:4      | Reached XP level 5. HP: 18/43 MP: 5/5
  2945 | D:4      | Reached skill level 5 in Fighting
  2945 | D:4      | Reached XP level 6. HP: 6/51 MP: 6/6
  3306 | D:4      | Noticed a phantom
  3324 | D:4      | Killed a phantom
  3425 | D:4      | Found an opulent altar of Gozag.
  3427 | D:4      | Found Gozag's Platinum Reserve.
  3472 | D:4      | Became a worshipper of Gozag Ym Sagoz the Greedy
  3536 | D:5      | Entered Level 5 of the Dungeon
  4485 | D:5      | Reached XP level 7. HP: 55/57 MP: 7/7
  4710 | D:5      | Reached skill level 6 in Fighting
  4710 | D:5      | Reached skill level 5 in Long Blades
  5064 | D:6      | Found a staircase to the Ecumenical Temple.
  5334 | D:6      | Noticed Blork the orc
  5347 | D:6      | Killed Blork the orc
  5347 | D:6      | Reached XP level 8. HP: 61/65 MP: 8/8
  5669 | D:6      | Reached skill level 7 in Fighting
  5871 | D:7      | Found an iron altar of Okawaru.
  5953 | D:7      | Slain by a sheep

Action                   |  1- 3 |  4- 6 |  7- 9 || total
-------------------------+-------+-------+-------++-------
Melee: Long sword        |   143 |   230 |   183 ||   556
Evoke: Wand              |       |       |     4 ||     4
  Use: Scroll            |       |       |    11 ||    11
 Stab: Paralysed         |       |       |     9 ||     9
